 Dungeon Crawl Stone Soup version 0.30.1-11-g7821555f0a (webtiles) character file.

Game seed: 15250301322800001745

267 Ijustatesigmund the Digger (level 6, -6/44 HPs)
             Began as a Gnoll Earth Elementalist on Nov 30, 2023.
             Was an Initiate of Vehumet.
             Killed by an exploding goblin (10 damage)
             ... ignited by their inner flame
             ... on level 3 of the Dungeon.
             The game lasted 00:04:41 (3067 turns).

Ijustatesigmund the Digger (GnEE)                   Turns: 3067, Time: 00:04:42

Health: -6/44      AC:  2    Str:  7    XL:     6   Next: 21%
Magic:  14/14      EV: 13    Int: 16    God:    Vehumet [......]
Gold:   12         SH:  0    Dex: 13    Spells: 11/15 levels left

rFire   . . .        g - +0 trident
rCold   . . .        (no shield)
rNeg    . . .        a - +0 robe
rPois   .            (no helmet)
rElec   .            (no cloak)
rCorr   .            (no gloves)
SInv    .            (no boots)
Will    .....        (no amulet)
Stlth   +++          (no ring)
HPRegen 0.27/turn    (no ring)
MPRegen 0.14/turn

%: no passive effects
@: no status effects
A: fangs 1, strong nose, distributed training
a: Renounce Religion


You were on level 3 of the Dungeon.
You worshipped Vehumet.
Vehumet was noncommittal.
You visited 1 branch of the dungeon, and saw 3 of its levels.

You collected 67 gold pieces.
You spent 55 gold pieces at shops.

Inventory:

Hand Weapons
 g - a +0 trident (weapon)
Armour
 a - a +0 robe (worn)
Jewellery
 h - a ring of fire
Scrolls
 c - a scroll of fog {unknown}
 d - 2 scrolls of identify
 i - a scroll of butterflies {unknown}
Potions
 b - a potion of magic
 e - a potion of degeneration
 f - a potion of might {unknown}


   Skills:
 + Level 1.9 Fighting
 + Level 1.9 Short Blades
 + Level 1.9 Long Blades
 + Level 1.9 Axes
 + Level 1.9 Maces & Flails
 + Level 1.9 Polearms
 + Level 1.9 Staves
 + Level 1.9 Ranged Weapons
 + Level 1.9 Throwing
 + Level 1.9 Armour
 + Level 5.0 Dodging
 + Level 4.6 Stealth
 + Level 1.9 Shields
 + Level 1.9 Unarmed Combat
 + Level 5.3 Spellcasting
 + Level 1.5 Conjurations
 + Level 1.5 Hexes
 + Level 1.5 Summonings
 + Level 1.5 Necromancy
 + Level 1.5 Translocations
 + Level 2.6 Transmutations
 + Level 1.5 Fire Magic
 + Level 1.5 Ice Magic
 + Level 1.5 Air Magic
 + Level 5.6 Earth Magic
 + Level 1.5 Poison Magic
 + Level 2.1 Invocations
 + Level 1.9 Evocations


You had 11 spell levels left.
You knew the following spells:

 Your Spells              Type           Power      Damage    Failure   Level
a - Sandblast             Erth           44%        2d11      1%          1
b - Stone Arrow           Conj/Erth      30%        3d8       10%         3

Your spell library contained the following spells:

 Spells                   Type           Power      Damage    Failure   Level
 Passwall                 Tmut/Erth      14%        N/A       4%          2
 Freeze                   Ice            36%        1d5       8%          1
 Slow                     Hex            36%        N/A       8%          1
 Lesser Beckoning         Tloc           18%        N/A       12%         2
 Confusing Touch          Hex            9%         N/A       24%         3
 Dazzling Flash           Conj/Hex       18%        N/A       24%         3
 Frozen Ramparts          Ice            18%        1d3       24%         3
 Gell's Gravitas          Tloc           9%         N/A       24%         3
 Hailstorm                Conj/Ice       9%         3d4       24%         3
 Teleport Other           Tloc           9%         N/A       24%         3
 Vampiric Draining        Necr           9%         2d6       24%         3
 Petrify                  Tmut/Erth      17%        N/A       26%         4
 Agony                    Necr           9%         N/A       91%         5
 Silence                  Hex/Air        4%         N/A       91%         5


Dungeon Overview and Level Annotations

Branches:
Dungeon (3/15)

Altars:
Vehumet

Shops:
D:3 *([[


Innate Abilities, Weirdness & Mutations

You have very sharp teeth.
Your uncanny sense of smell can sniff out nearby items.
Your experience applies equally to all skills.


Message History

You hit the goblin.
The goblin is heavily wounded.
Robin roars a battlecry!
The goblin hits you with a +0 club.
* * * LOW HITPOINT WARNING * * *
The goblin barely misses you.
Robin roars a battlecry!
The goblin barely misses you. The goblin hits you with a +0 dagger.
* * * LOW HITPOINT WARNING * * *
You feel much better. Robin hits you with a +0 club.
The goblin barely misses you. The goblin hits you with a +0 dagger.
You barely miss the goblin. Your bite misses the goblin.
The goblin is heavily wounded.
Robin zaps a wand.
The puff of flame hits you. The goblin hits you with a +0 club.
* * * LOW HITPOINT WARNING * * *
The goblin hits you with a +0 dagger.
* * * LOW HITPOINT WARNING * * *
As you read the scroll labelled UCRUAH XUMM, it crumbles to dust.
The creatures around you are filled with an inner flame!
It was a scroll of immolation.
The goblin closely misses you. The goblin hits you with a +0 dagger.
* * * LOW HITPOINT WARNING * * *
Unknown command.
You barely miss the goblin. The goblin hits you but does no damage.
The goblin hits you with a +0 dagger.
* * * LOW HITPOINT WARNING * * *
Unknown command.
You puncture the goblin! Vehumet accepts your kill.
The goblin explodes!
The fiery explosion engulfs the hobgoblin!!
You kill the hobgoblin!
Vehumet accepts your kill.
The fiery explosion engulfs Robin!!!
Vehumet accepts your kill.
The fiery explosion engulfs the goblin!!
Vehumet accepts your kill. The fiery explosion engulfs you!
You die...

#...#.# #.# #....# #.# #####.#
#.# #.#### #.# #.###.######.##
#.# #.............# #.#
#########g######..###### #.#
#...)...†........†.....## #.#
#.##########...§§§......####.####
..# #####§)............... ..#
#@######.######### #.# #g# #.#
#.# #.# #.# ..# #.# #.# ### #.#
#.# # #.# #.# #.# #.# #.# #.#
##### #†######.# #....


You could see a goblin (inner flame, strong).

Vanquished Creatures
  Sigmund (D:3)
  An orc wizard (D:2)
  Robin (D:3)
  2 adders
  2 dart slugs
  7 orcs
  6 endoplasms
  8 goblins
  8 hobgoblins
  3 jackals (D:1)
  2 quokkas
  3 ball pythons
  5 bats
  6 frilled lizards
  8 kobolds
  2 rats
65 creatures vanquished.

Notes
Turn   | Place    | Note
-------+----------+-------------------------------------------
     0 | D:1      | Ijustatesigmund the Gnoll Earth Elementalist began the
                  | quest for the Orb.
     0 | D:1      | Reached XP level 1. HP: 13/13 MP: 6/6
   335 | D:1      | Reached XP level 2. HP: 19/19 MP: 5/7
   796 | D:1      | Found a faded altar of an unknown god.
   802 | D:1      | Reached skill level 5 in Spellcasting
   802 | D:1      | Reached XP level 3. HP: 25/25 MP: 6/9
   806 | D:1      | Learned a level 3 spell: Stone Arrow
  1198 | D:2      | Reached skill level 1 in Invocations
  1293 | D:2      | Reached skill level 1 in Fighting
  1293 | D:2      | Reached skill level 1 in Short Blades
  1293 | D:2      | Reached skill level 1 in Long Blades
  1293 | D:2      | Reached skill level 1 in Axes
  1293 | D:2      | Reached skill level 1 in Maces & Flails
  1293 | D:2      | Reached skill level 1 in Polearms
  1293 | D:2      | Reached skill level 1 in Staves
  1293 | D:2      | Reached skill level 1 in Ranged Weapons
  1293 | D:2      | Reached skill level 1 in Throwing
  1293 | D:2      | Reached skill level 1 in Armour
  1293 | D:2      | Reached skill level 1 in Shields
  1293 | D:2      | Reached skill level 1 in Unarmed Combat
  1293 | D:2      | Reached skill level 1 in Evocations
  1293 | D:2      | Reached XP level 4. HP: 32/32 MP: 7/11
  1800 | D:2      | Reached skill level 1 in Conjurations
  1800 | D:2      | Reached skill level 1 in Hexes
  1800 | D:2      | Reached skill level 1 in Summonings
  1800 | D:2      | Reached skill level 1 in Necromancy
  1800 | D:2      | Reached skill level 1 in Translocations
  1800 | D:2      | Reached skill level 1 in Fire Magic
  1800 | D:2      | Reached skill level 1 in Ice Magic
  1800 | D:2      | Reached skill level 1 in Air Magic
  1800 | D:2      | Reached skill level 1 in Poison Magic
  1851 | D:3      | Found Kepn's Armour Boutique.
  1934 | D:3      | Noticed Robin
  2357 | D:3      | Noticed Sigmund
  2363 | D:3      | Killed Sigmund
  2364 | D:3      | Reached XP level 5. HP: 38/38 MP: 6/12
  2364 | D:3      | Reached XP level 6. HP: 44/44 MP: 7/14
  2645 | D:3      | Reached skill level 5 in Dodging
  2713 | D:3      | Found a radiant altar of Vehumet.
  2736 | D:3      | Found Yfaugh's General Store.
  2752 | D:3      | Became a worshipper of Vehumet
  2766 | D:3      | Bought a potion of heal wounds for 55 gold pieces
  2830 | D:3      | Found Ajioreb's Weapon Emporium.
  2843 | D:3      | Found Naomn's Armour Boutique.
  3062 | D:3      | HP: 1/44 [goblin/+0 dagger[Robin] (2)]
  3067 | D:3      | Killed Robin
  3067 | D:3      | Killed by an exploding goblin... ignited by their inner
                  | flame

Illustrated notes

Levels and vault maps discovered:
D:1:      erik_arrival_triangle_small, layout_basic,
          hellmonk_ecumenical_altar_heavens_door
D:2:      layout_loops_cross
D:3:      layout_loops_ring, overflow_temple_1_default, serial_shops,
          nicolae_shop_pleasant_corner_grove, shop, nicolae_shop_tiny_glass,
          shop, uniq_sigmund, uniq_robin

Skill      XL: |  1  2  3  4  5  6 |
---------------+-------------------+-----
Transmutations | 2 |  2.6
Spellcasting   | 5 |  5.3
Invocations    | 1 2 |  2.1
Fighting       | 1 |  1.9
Short Blades   | 1 |  1.9
Long Blades    | 1 |  1.9
Axes           | 1 |  1.9
Maces & Flails | 1 |  1.9
Polearms       | 1 |  1.9
Staves         | 1 |  1.9
Ranged Weapons | 1 |  1.9
Throwing       | 1 |  1.9
Armour         | 1 |  1.9
Shields        | 1 |  1.9
Unarmed Combat | 1 |  1.9
Evocations     | 1 |  1.9
Conjurations   | 1 |  1.5
Hexes          | 1 |  1.5
Summonings     | 1 |  1.5
Necromancy     | 1 |  1.5
Translocations | 1 |  1.5
Fire Magic     | 1 |  1.5
Ice Magic      | 1 |  1.5
Air Magic      | 1 |  1.5
Poison Magic   | 1 |  1.5
Dodging        | 5 |  5.0
Stealth        | |  4.6
Earth Magic    | |  5.6

Action                     |  1- 3 |  4- 6 || total
---------------------------+-------+-------++-------
  Melee: Unarmed           |    11 |       ||    11
         Bite              |     2 |     2 ||     4
         Mace              |       |     6 ||     6
         Punch             |       |     1 ||     1
         Trident           |       |    16 ||    16
   Cast: Sandblast         |    39 |    37 ||    76
    Use: Scroll            |       |     3 ||     3
         Potion            |       |     2 ||     2
   Stab: Sleeping          |       |     2 ||     2
 Armour: Robe              |     6 |     7 ||    13
  Dodge: Dodged            |    25 |    39 ||    64
